 Dungeon Crawl Stone Soup version 0.26-a0-651-gb41185065b (webtiles) character file.

Game seed: 4310547012429162497

111526 Flugslaktarn the Severer (level 16, -1/159 HPs)
             Began as a Deep Dwarf Fighter on Oct 7, 2020.
             Was the Champion of Makhleb.
             Slain by a nagaraja
             ... wielding a +0 spear
              (9 damage)
             ... on level 4 of the Snake Pit.
             The game lasted 00:11:43 (14807 turns).

Flugslaktarn the Severer (Deep Dwarf Fighter)      Turns: 14807, Time: 00:11:44

Health: -1/159     AC: 30    Str: 25    XL:     16   Next: 9%
Magic:  31/31 (22) EV:  9    Int: 10    God:    Makhleb [******]
Gold:   989        SH: 19    Dex: 11    Spells: 15/15 levels left

rFire    . . .     SeeInvis .   N - +7 broad axe of Pepod {freeze, MP+9}
rCold    . . .     Faith    .   M - +0 tower shield
rNeg     + . .     Spirit   .   p - +4 plate armour
rPois    .         Reflect  .   (helmet restricted)
rElec    +         Harm     .   D - +2 cloak {Stlth+}
rCorr    .         Rampage  +   b - +2 pair of gloves
MR       +++..                  C - +2 pair of boots {rampage}
Stlth    ..........             (no amulet)
HPRegen  0.00/turn              v - +4 ring of evasion
MPRegen  0.22/turn              O - ring "Apsu" {rElec Dex-4}

@: lethally poisoned (-1 -> -201), non-regenerating, studying Axes
A: damage resistance, heal wounds, beak, thin skeletal structure 1, magic
resistance 1, negative energy resistance 1, sense surroundings 2, wild magic 1,
MP-powered wands, no regeneration
a: Heal Wounds, Minor Destruction, Lesser Servant of Makhleb, Major Destruction,
Greater Servant of Makhleb, Renounce Religion


You were on level 4 of the Snake Pit.
You worshipped Makhleb.
Makhleb was exalted by your worship.
You visited 5 branches of the dungeon, and saw 25 of its levels.

You collected 2414 gold pieces.
You spent 1425 gold pieces at shops.

Inventory:

Hand Weapons
 N - the +7 broad axe of Pepod (weapon) {freeze, MP+9}
   (You bought it in a shop on level 2 of the Orcish Mines)

   It has been specially enchanted to freeze those struck by it, causing extra
   injury to most foes and up to half again as much damage against particularly
   susceptible opponents.
   It can also slow down cold-blooded creatures.
   It affects your magic capacity (+9).
Missiles
 H - 3 throwing nets (quivered)
Armour
 b - a +2 pair of gloves (worn)
   (You found it on level 12 of the Dungeon)
 p - a +4 plate armour (worn)
   (You took it off an orc warrior on level 4 of the Dungeon)
 C - a +2 pair of boots of rampaging (worn)
   (You found it on level 8 of the Dungeon)
 D - a +2 cloak of stealth (worn)
   (You found it on level 14 of the Dungeon)
 I - a +2 helmet
   (You found it on level 8 of the Dungeon)
 M - a +0 tower shield (worn)
   (You took it off a vault guard on level 13 of the Dungeon)
Jewellery
 c - an uncursed ring of protection from cold
   (You found it on level 9 of the Dungeon)
 m - an uncursed ring of protection from magic
   (You found it on level 12 of the Dungeon)
 v - a +4 ring of evasion (left hand)
   (You found it on level 13 of the Dungeon)
 O - the ring "Apsu" (right hand) {rElec Dex-4}
   (You found it on level 14 of the Dungeon)

   [ring of dexterity]

   It affects your dexterity (-4).
   It insulates you from electricity.
Wands
 g - a wand of digging (7)
   (You found it on level 3 of the Lair of Beasts)
 y - a wand of paralysis (24)
   (You found it on level 7 of the Dungeon)
 A - a wand of enslavement (10)
   (You found it on level 7 of the Dungeon)
 L - a wand of iceblast (18)
   (You found it on level 13 of the Dungeon)
Scrolls
 e - a scroll of vulnerability
 k - 3 scrolls of enchant weapon
 l - 2 scrolls of magic mapping
 o - 2 scrolls of fear
 r - a scroll of brand weapon {unknown}
 t - 6 scrolls of teleportation
 x - 11 scrolls of remove curse
 z - 2 scrolls of blinking
 B - 2 scrolls of enchant armour
 E - a scroll of immolation
 F - 9 scrolls of fog
Potions
 d - a potion of might
 f - a potion of degeneration {unknown}
 h - 4 potions of haste
 i - 2 potions of resistance
 j - 4 potions of ambrosia
 n - 3 potions of magic {unknown}
 q - 5 potions of curing
 s - 3 potions of lignification
 u - a potion of flight {unknown}
 w - 4 potions of heal wounds
 G - a potion of cancellation
 J - 2 potions of mutation
 K - 4 potions of berserk rage
 P - a potion of stabbing {unknown}
Books
 a - a manual of Axes
   (You acquired it on level 13 of the Dungeon)


   Skills:
 * Level 14.2 Fighting
 - Level 18.0 Axes
 + Level 12.3 Armour
 + Level 12.3 Shields
 + Level 13.3 Invocations
 + Level 9.6 Evocations


You had 15 spell levels left.
You didn't know any spells.
Your spell library was empty.

Dungeon Overview and Level Annotations

Branches:
Dungeon (15/15)            Temple (1/1) D:5            Lair (3/6) D:9
  Swamp (0/4) Lair:2        Snake (4/4) Lair:2          Orc (2/2) D:10
    Elf (0/3) Orc:2        Vaults (0/5) D:13         Depths (0/5) D:15

Altars:
Ashenzari
Cheibriados
Dithmenos
Elyvilon
Fedhas
Gozag
Hepliaklqana
Kikubaaqudgha
Makhleb
Nemelex Xobeh
Okawaru
Qazlal
Ru
Sif Muna
Trog
Uskayaw
Vehumet
Wu Jian
Xom
Yredelemnul
Zin
The Shining One
Beogh

Shops:
D:10 *   D:14 *   Orc:2 !?:[}(

Portals:
Sewer: D:3

Annotations:
D:6 3 runed translucent doors, btv's ghost, novice HOAK
D:9 2 runed translucent doors
D:13 exclusions: oklob plant and oklob sapling
Lair:1 exclusion: 3 oklob plants


Innate Abilities, Weirdness & Mutations

You are resistant to damage.
You can heal yourself by infusing magical energy.
You resist negative energy. (rN+)
You passively map the area around you.
You do not regenerate.
You have a beak for a mouth.
You have a somewhat thin skeletal structure. (Dex +2, Stealth)
You are resistant to hostile enchantments. (MR+)
Your spells are a little harder to cast, but a little more powerful.
You expend magic power (3 MP) to strengthen your wands.


Message History

You are more poisoned.
* * * LOW HITPOINT WARNING * * *
Unknown command.
You are too injured to fight recklessly!
You are too injured to fight recklessly!
You are too injured to fight recklessly!
You feel much better.
* * * LOW HITPOINT WARNING * * *
You feel extremely sick.
The nagaraja gestures at you while chanting.
The bolt of poison hits you!!
You are more poisoned.
* * * LOW HITPOINT WARNING * * *
The naga mage casts a spell at you. The bolt of poison hits you!!
You are more poisoned.
* * * LOW HITPOINT WARNING * * *
The naga mage closely misses you. You block the naga mage's attack.
The nagaraja hits you with a +0 spear!
You die...

.......#############.# #..#
.......#############.## #.##
......................#####.#####
.....................))..).(....#
#####.#............)..#####.###.#
#.#...............# #.# #.#
#####.#...............# #.# #.#
.......(((.....NN)....#####.###.#
###.#.#.(....(.N@.....#..........
######())##.(N###############.. *
* #.).(.)...N...##* ### ,
#..))))..........# , ,
#())))))).....#... ##
,,#..))#).)..#..# .. * , .. ,
,#..)))).).....# , , #. ,
##.)#).......## ,,
,,##.)$.⌠....#.., , * *


You could see a nagaraja (fast, catching breath), 3 naga magi and a naga.

Vanquished Creatures
  Frances (D:14)
  4 nagarajas (Snake:4)
  A frost giant (D:15)
  The ghost of Nebesus the Protected, a journeyman BaFi of Okawaru (D:14)
  Josephine (D:11)
  Erolcha (Orc:2)
  10 naga warriors
  4 vault guards (D:13)
  A catoblepas (D:14)
  6 centaur warriors
  Erica (D:11)
  An anaconda (Snake:1)
  A death knight (D:13)
  11 two-headed ogres
  5 ogre magi
  4 shock serpents
  6 naga sharpshooters (Snake:4)
  A skeletal warrior (D:13)
  4 salamander mystics (Snake:4)
  5 unseen horrors
  A flayed ghost (D:15)
  4 naga ritualists
  A wizard (D:14)
  An orc knight (D:13)
  A deep elf mage (D:14)
  6 mana vipers
  8 orc sorcerers
  A manticore (D:13)
  5 cyclopes
  20 ugly things
  6 salamanders
  3 centaur zombies
  11 black mambas
  3 guardian serpents
  4 elephants (Lair:3)
  14 naga magi (Snake:4)
  2 gargoyles
  5 centaur skeletons
  4 cane toads
  A yaktaur (D:15)
  4 komodo dragons
  A redback zombie (D:14)
  3 polar bears
  5 trolls
  A wolf spider simulacrum (D:14)
  Prince Ribbit (D:8)
  A slime creature (D:15)
  7 hippogriffs
  A spriggan (shapeshifter) (D:15)
  4 shadows
  8 wraiths
  Eustachio (D:4)
  2 humans (D:13)
  A basilisk (Lair:2)
  6 neqoxecs (D:14)
  8 yaks
  3 vampire mosquitoes (D:14)
  Menkaure (D:7)
  A two-headed ogre zombie (D:10)
  A warg (Orc:2)
  Edmund (D:6)
  28 nagas
  A soldier ant (D:11)
  An acid dragon (D:13)
  4 water moccasins
  7 porcupines
  9 orc warriors
  8 sky beasts
  3 black bears
  4 ice beasts
  3 phantoms
  4 eyes of draining
  2 necrophages
  6 wolves
  20 ogres
  22 centaurs
  7 crocodiles
  A big kobold (D:13)
  19 bullfrogs
  2 gnoll sergeants
  3 scorpions
  2 troll zombies (D:10)
  13 wights
  3 howler monkeys
  3 quasits (D:14)
  A bullfrog zombie (D:11)
  7 jellies
  8 hounds
  18 orc priests
  30 orc wizards
  7 bullfrog skeletons
  7 iguanas
  4 worker ants
  5 ogre zombies (D:10)
  2 hound zombies
  A hound skeleton (D:7)
  2 worker ant zombies
  15 gnolls
  10 adders
  A shadow imp (D:6)
  7 white imps
  3 ufetubi
  3 oozes
  2 adder skeletons
  A worm (D:4)
  7 leopard geckos
  49 orcs
  6 ball pythons (D:13)
  3 giant cockroaches
  A goblin (D:1)
  2 hobgoblins (D:1)
  11 jackals
  9 kobolds
  5 quokkas
  6 bats
  A frilled lizard (D:2)
  A goblin skeleton (D:10)
  2 goblin zombies (D:10)
  2 hobgoblin skeletons (D:10)
  4 hobgoblin zombies (D:10)
  2 orc skeletons (D:10)
  14 orc zombies (D:10)
  4 rats
669 creatures vanquished.

Vanquished Creatures (collateral kills)
  A nagaraja (Snake:4)
  A naga warrior (Snake:4)
  A hydra (D:13)
  A wight (D:13)
4 creatures vanquished.

Vanquished Creatures (others)
  A swamp drake (Lair:2)
  2 iguanas (Lair:2)
  20 fungi
  31 plants
54 creatures vanquished.

Grand Total: 727 creatures vanquished

Notes
Turn   | Place    | Note
-------+----------+-------------------------------------------
     0 | D:1      | Flugslaktarn the Deep Dwarf Fighter began the quest for the
                  | Orb.
     0 | D:1      | Reached XP level 1. HP: 20/20 MP: 1/1
    30 | D:1      | Reached XP level 2. HP: 24/27 MP: 2/2
   308 | D:2      | Reached XP level 3. HP: 30/34 MP: 3/3
   412 | D:2      | Found a shimmering altar of Xom.
   414 | D:2      | Found an iron altar of Okawaru.
   428 | D:2      | Found a white marble altar of Elyvilon.
   485 | D:2      | Reached skill level 3 in Axes
   807 | D:3      | Found a glowing drain.
   884 | D:4      | Found a bloodstained altar of Trog.
   884 | D:4      | Noticed an eye of draining
   885 | D:4      | Noticed an eye of draining
   909 | D:4      | Killed an eye of draining
   909 | D:4      | Reached XP level 4. HP: 21/44 MP: 0/4
   909 | D:4      | Reached XP level 5. HP: 24/50 MP: 0/5
   910 | D:4      | Killed an eye of draining
   910 | D:4      | Reached skill level 4 in Axes
  1199 | D:4      | Reached XP level 6. HP: 35/57 MP: 5/5
  1377 | D:4      | Found a shimmering blue altar of Sif Muna.
  1435 | D:4      | Noticed an orc warrior
  1464 | D:4      | Killed an orc warrior
  1533 | D:4      | Noticed Eustachio
  1557 | D:4      | Killed Eustachio
  1557 | D:4      | Reached skill level 5 in Axes
  1557 | D:4      | Reached XP level 7. HP: 50/66 MP: 6/6
  1698 | D:4      | Reached skill level 5 in Fighting
  1804 | D:5      | Entered Level 5 of the Dungeon
  1835 | D:5      | Found a staircase to the Ecumenical Temple.
  1893 | Temple   | Entered the Ecumenical Temple
  1985 | Temple   | Became a worshipper of Makhleb the Destroyer
  2088 | D:5      | Reached skill level 5 in Armour
  2088 | D:5      | Reached skill level 1 in Invocations
  2098 | D:5      | Reached skill level 5 in Shields
  2145 | D:5      | Reached skill level 6 in Axes
  2171 | D:5      | Reached XP level 8. HP: 51/75 MP: 8/8
  2822 | D:6      | Noticed Edmund
  2840 | D:6      | Killed Edmund
  2884 | D:6      | Reached * piety under Makhleb
  2891 | D:6      | Found a shadowy altar of Dithmenos.
  2966 | D:6      | Reached skill level 7 in Axes
  3172 | D:6      | Found a runed translucent gate.
  3172 | D:6      | Identified the +6 whip of Voniledgh {pain, Int+6}
  3182 | D:6      | Found a runed translucent gate.
  3182 | D:6      | Found a runed translucent gate.
  3182 | D:6      | Identified the ring "Areecsaq" {+Fly rF+ Dex+3}
  3184 | D:6      | Noticed btv's ghost (novice HOAK)
  3261 | D:6      | Gained mutation: You passively map the area around you.
                  | [Deep Dwarf growth]
  3261 | D:6      | Reached XP level 9. HP: 72/85 MP: 10/10
  3871 | D:7      | Reached skill level 8 in Axes
  3898 | D:7      | Noticed Menkaure
  3906 | D:7      | Killed Menkaure
  4228 | D:8      | Noticed a two-headed ogre
  4237 | D:8      | Killed a two-headed ogre
  4237 | D:8      | Reached skill level 5 in Invocations
  4242 | D:8      | Reached ** piety under Makhleb
  4426 | D:8      | Reached skill level 9 in Axes
  4456 | D:8      | Reached XP level 10. HP: 85/96 MP: 13/13
  4796 | D:8      | Noticed Prince Ribbit
  4813 | D:8      | Killed Prince Ribbit
  5030 | D:9      | Found a staircase to the Lair.
  5038 | D:9      | Reached *** piety under Makhleb
  5043 | D:9      | Noticed a two-headed ogre
  5060 | D:9      | Killed a two-headed ogre
  5146 | D:9      | Found a large runed translucent door.
  5146 | D:9      | Found a large runed translucent door.
  5152 | D:9      | Noticed a naga warrior
  5153 | D:9      | Noticed a centaur warrior
  5165 | D:9      | Reached skill level 10 in Axes
  5735 | D:10     | Entered Level 10 of the Dungeon
  5749 | D:10     | Reached XP level 11. HP: 106/106 MP: 15/15
  5750 | D:10     | Reached **** piety under Makhleb
  5823 | D:10     | Found Lixacur's General Store.
  5903 | D:10     | Killed an unseen horror
  5982 | D:10     | Found a staircase to the Orcish Mines.
  6068 | D:10     | Reached ***** piety under Makhleb
  6344 | D:11     | Noticed Josephine
  6352 | D:11     | Reached skill level 11 in Axes
  6365 | D:11     | Killed Josephine
  6588 | D:11     | Noticed Erica
  6610 | D:11     | Killed Erica
  6640 | D:11     | Noticed a two-headed ogre
  6645 | D:11     | Killed a two-headed ogre
  6645 | D:11     | Reached skill level 10 in Fighting
  7227 | D:12     | Noticed a purple ugly thing
  7251 | D:12     | Killed a purple ugly thing
  7251 | D:12     | Reached XP level 12. HP: 87/116 MP: 17/17
  7298 | D:12     | Found a frozen archway.
  7782 | D:13     | Noticed a six-headed hydra
  7807 | D:13     | Killed a nine-headed hydra
  7821 | D:13     | Noticed a two-headed ogre
  7833 | D:13     | Killed a two-headed ogre
  7867 | D:13     | Reached skill level 12 in Axes
  7914 | D:13     | Noticed a vault guard
  7924 | D:13     | Noticed a vault guard
  7930 | D:13     | Noticed a death knight
  7975 | D:13     | Killed a death knight
  8016 | D:13     | Noticed an ogre mage
  8016 | D:13     | Noticed a vault guard
  8028 | D:13     | Killed an ogre mage
  8068 | D:13     | Killed a vault guard
  8098 | D:13     | Killed a vault guard
  8143 | D:13     | Killed a vault guard
  8151 | D:13     | Found a gate to the Vaults.
  8151 | D:13     | Noticed a vault guard
  8182 | D:13     | Killed a vault guard
  8182 | D:13     | Reached skill level 10 in Invocations
  8462 | D:13     | Reached skill level 1 in Evocations
  8473 | D:13     | Reached skill level 13 in Axes
  8524 | D:13     | Reached XP level 13. HP: 99/127 MP: 19/19
  8574 | D:13     | Reached skill level 10 in Armour
  8909 | D:14     | Reached skill level 10 in Shields
  8916 | D:14     | Noticed Frances
  8968 | D:14     | Found a transporter.
  8986 | D:14     | Noticed Nebesus's ghost (journeyman BaFi)
  9001 | D:14     | Reached ****** piety under Makhleb
  9022 | D:13     | Identified a scroll of acquirement
  9022 | D:13     | Acquired a manual of Axes
  9094 | D:14     | Killed Frances
  9155 | D:14     | Found a transporter.
  9293 | D:14     | Gained mutation: Armour fits poorly on your strangely
                  | shaped body. [a neqoxec]
  9297 | D:14     | Gained mutation: You have a somewhat thin skeletal
                  | structure. (Dex +2, Stealth) [a neqoxec]
  9299 | D:14     | Reached skill level 14 in Axes
  9300 | D:14     | Gained mutation: Your body sometimes deteriorates upon
                  | taking damage. [a neqoxec]
  9311 | D:14     | Gained mutation: You are occasionally teleported next to
                  | monsters. [a neqoxec]
  9361 | D:14     | Killed Nebesus's ghost
  9364 | D:14     | Got the ring "Apsu" {Dex-4}
  9369 | D:14     | Lost mutation: Your body sometimes deteriorates upon taking
                  | damage. [potion of mutation]
  9369 | D:14     | Lost mutation: You are occasionally teleported next to
                  | monsters. [potion of mutation]
  9369 | D:14     | Lost mutation: Armour fits poorly on your strangely shaped
                  | body. [potion of mutation]
  9369 | D:14     | Gained mutation: You expend magic power (3 MP) to
                  | strengthen your wands. [potion of mutation]
  9369 | D:14     | Gained mutation: You are resistant to hostile enchantments.
                  | (MR+) [potion of mutation]
  9369 | D:14     | Gained mutation: You have a beak for a mouth. [potion of
                  | mutation]
  9369 | D:14     | Gained mutation: Your spells are a little harder to cast,
                  | but a little more powerful. [potion of mutation]
  9722 | D:14     | Reached skill level 5 in Evocations
  9908 | D:14     | Found Ehucune's General Store.
  9912 | D:14     | Bought a scroll of enchant weapon for 97 gold pieces
 10024 | D:15     | Entered Level 15 of the Dungeon
 10077 | D:15     | Gained mutation: You resist negative energy. (rN+) [Deep
                  | Dwarf growth]
 10077 | D:15     | Reached XP level 14. HP: 138/138 MP: 20/20
 10113 | D:15     | Reached skill level 15 in Axes
 10819 | D:15     | Noticed a frost giant
 10834 | D:15     | Killed a frost giant
 10858 | D:15     | Found a staircase to the Depths.
 11250 | Lair:1   | Entered Level 1 of the Lair of Beasts
 11370 | Lair:1   | Identified the cursed ring "Apsu" {rElec Dex-4} (You found
                  | it on level 14 of the Dungeon)
 11783 | Lair:2   | Found a staircase to the Snake Pit.
 11898 | Lair:2   | Reached skill level 16 in Axes
 11930 | Lair:2   | Found a staircase to the Swamp.
 12869 | Orc:1    | Entered Level 1 of the Orcish Mines
 13185 | Orc:1    | Found a roughly hewn altar of Beogh.
 13238 | Orc:2    | Entered Level 2 of the Orcish Mines
 13290 | Orc:2    | Found Maodiclu's Weapon Emporium.
 13295 | Orc:2    | Bought the +7 broad axe of Pepod {freeze, MP+9} for 953
                  | gold pieces
 13402 | Orc:2    | Found Yggius's Gadget Shoppe.
 13404 | Orc:2    | Found a roughly hewn altar of Beogh.
 13418 | Orc:2    | Found a staircase to the Elven Halls.
 13580 | Orc:2    | Found a burning altar of Makhleb.
 13845 | Orc:2    | Found a radiant altar of Vehumet.
 13846 | Orc:2    | Noticed Erolcha
 13855 | Orc:2    | Killed Erolcha
 13861 | Orc:2    | Found Wefi's Magic Scroll Shop.
 13891 | Orc:2    | Found an ancient bone altar of Kikubaaqudgha.
 13909 | Orc:2    | Bought a scroll of enchant armour for 105 gold pieces
 13934 | Orc:2    | Found Dups's Distillery.
 13965 | Orc:2    | Found a roughly hewn altar of Beogh.
 13967 | Orc:2    | Reached XP level 15. HP: 148/148 MP: 22/22
 13975 | Orc:2    | Found Gukaoty's Antique Armour Boutique.
 13985 | Orc:2    | Found Dietuack's Book Boutique.
 14069 | Orc:2    | Bought a potion of haste for 150 gold pieces
 14069 | Orc:2    | Bought a potion of cancellation for 120 gold pieces
 14245 | Snake:1  | Entered Level 1 of the Snake Pit
 14387 | Snake:2  | Reached skill level 17 in Axes
 14488 | Snake:4  | Entered Level 4 of the Snake Pit
 14597 | Snake:4  | Noticed a nagaraja
 14605 | Snake:4  | Killed a nagaraja
 14734 | Snake:4  | Noticed a nagaraja
 14755 | Snake:4  | Noticed a nagaraja
 14755 | Snake:4  | Noticed a nagaraja
 14759 | Snake:4  | Killed a nagaraja
 14762 | Snake:4  | Reached skill level 18 in Axes
 14762 | Snake:4  | Killed a nagaraja
 14766 | Snake:4  | Killed a nagaraja
 14775 | Snake:4  | Noticed a nagaraja
 14778 | Snake:4  | Reached XP level 16. HP: 129/159 MP: 23/23
 14807 | Snake:4  | Slain by a nagaraja

Illustrated notes

Levels and vault maps discovered:
D:1:      dpeg_arrival_rooms_with_view, layout_basic
D:2:      layout_basic, minitemple
D:3:      layout_rooms, gup_sewer_entry_glass, fedhas_altar_fruit_tree
D:4:      layout_loops_ring, led_sif_pool, trog_eyes_of_draining,
          grunt_decor_cap, guppyfry_early_orc_mine, uniq_eustachio
D:5:      layout_basic, minmay_temple_entry_trees
D:6:      layout_loops_corners, grunt_dithmenos_smoke,
          gammafunk_ghost_nasty_kobolds, uniq_edmund
D:7:      layout_loops_ring, uniq_menkaure
D:8:      layout_basic, uniq_prince_ribbit1
D:9:      okawaru_arena_lexackson, layout_long_grid, due_lair_maze_entry_diamond
D:10:     layout_rooms, zombieorc2_lemuel, serial_shops, shop
D:11:     layout_stronghold, uniq_erica, uniq_josephine
D:12:     layout_irregular_city, portal_ice_cave_entry_pillars_1,
          chequers_arboretum
D:13:     layout_loops_ring, grunt_vaults_entry_fortified,
          minmay_misc_feat_tower, introduction_to_nature_1
D:14:     layout_loops_cross, serial_ice, serial_ice_k, serial_ice_d,
          serial_ice_b, serial_ice_g, serial_shops, nicolae_shop_stone,
          gammafunk_ghost_stat_death, minmay_misc_feat_diagonals,
          corexii_corridor_pit, hangedman_decor_slide_cut, minivault_23,
          uniq_frances
D:15:     grunt_enter_depths_snipers, layout_basic, minivault_11,
          grunt_ministairs_8
Temple:   regret_index_temple_sphere_string
Lair:1:   dpeg_oklob_gauntlet, layout_chaotic_city
Lair:2:   layout_long_grid, minmay_swamp_entry_reptiles,
          minmay_snake_entry_guardpost_small
Lair:3:   layout_small_grid, kennysheep_rathole, uniq_urug
Snake:1:  hangedman_cross_stitches, layout_misc_corridors,
          gammafunk_ghost_grave, hangedman_snake_pattern, uniq_nikola,
          uniq_donald
Snake:2:  layout_misc_corridors
Snake:3:  layout_cave_town, uniq_vashnia
Snake:4:  snake_pit, layout_gridlike, serial_curves, eino_curves_01,
          eino_curves_01, eino_curves_04, basic_altar, serial_bayou_pond_c,
          uniq_roxanne
Orc:1:    layout_caves, minmay_orc_temple_b
Orc:2:    kennysheep_orc_mage_school, layout_diamond_mine, basic_altar,
          serial_shops, shop_fountains, nicolae_shop_trees,
          nicolae_orc_sculptors_studio, bloody_makhleb

Skill      XL: |  1  2  3  4  5  6  7  8  9 10 11 12 13 14 15 |
---------------+----------------------------------------------+-----
Fighting       | 3 4 5 6 7 9 10 11 12 13 14 | 14.2
Axes           | 3 4 5 6 7 9 10 11 13 14 16 18 | 18.0
Shields        | 4 5 6 7 8 9 10 11 12 | 12.3
Armour         | 4 5 6 7 9 10 11 12 | 12.3
Invocations    | 2 3 5 7 8 10 11 12 13 | 13.3
Evocations     | 1 5 7 9 |  9.6

Action                   |  1- 3 |  4- 6 |  7- 9 | 10-12 | 13-15 | 16-18 || total
-------------------------+-------+-------+-------+-------+-------+-------++-------
Melee: War axe           |    98 |    75 |    17 |   453 |   831 |       ||  1474
       Hand axe          |       |       |   378 |   473 |       |       ||   851
       Peck              |       |       |       |       |   243 |     2 ||   245
       Broad axe         |       |       |       |       |   300 |    19 ||   319
Invok: Lesser Servant of |       |       |       |     3 |       |       ||     3
       Greater Servant o |       |       |       |       |     2 |       ||     2
 Abil: Heal Wounds       |     2 |     5 |    12 |     6 |    17 |     2 ||    44
Evoke: Wand              |       |       |       |       |     2 |       ||     2
  Use: Scroll            |       |     8 |       |       |    20 |       ||    28
       Potion            |       |       |       |       |     4 |     2 ||     6
 Stab: Petrified         |       |       |       |       |     8 |       ||     8
       Confused          |       |       |       |       |     1 |       ||     1
       Distracted        |       |       |       |       |     1 |       ||     1
Armor: Scale mail        |    22 |       |       |       |       |       ||    22
       Chain mail        |    24 |    13 |       |       |       |       ||    37
       Plate armour      |       |    37 |   220 |   537 |   651 |    16 ||  1461
Dodge: Dodged            |    26 |    12 |    38 |   170 |   218 |     8 ||   472
Block: Kite shield       |    64 |    53 |   178 |   459 |       |       ||   754
       Tower shield      |       |       |       |   105 |   973 |    37 ||  1115

Table legend: (Time is in decaauts)
 A = Elapsed time spent in this place.
 B = Non-inter-level travel time spent in this place.
 C = Inter-level travel time spent in this place.
 D = Time resting spent in this place.
 E = Time spent auto-exploring this place.
 F = Levels seen in this place.
 G = Mean time per level.
                   A        B        C        D        E       F      G
               +--------+--------+--------+--------+--------+-----+--------+
         Total |  14603 |  13411 |   1192 |     39 |   9301 |  25 |  584.1 |
       Dungeon |  11136 |  10282 |    854 |     39 |   6993 |  15 |  742.4 |
        Temple |    114 |     89 |     25 |      0 |     87 |   1 |  114.0 |
          Lair |   1583 |   1430 |    153 |      0 |   1165 |   3 |  527.7 |
     Snake Pit |    515 |    489 |     26 |      0 |    185 |   4 |  128.8 |
  Orcish Mines |   1253 |   1122 |    131 |      0 |    871 |   2 |  626.5 |
               +--------+--------+--------+--------+--------+-----+--------+

Top non-repeatable levels by time:
    D:13: 1219 daAuts
    D:15: 1067 daAuts
    D:14: 1040 daAuts
     D:4: 978 daAuts
     D:6: 945 daAuts
   Orc:2: 884 daAuts
  Lair:2: 851 daAuts
    D:11: 850 daAuts
     D:8: 771 daAuts
     D:9: 743 daAuts
     D:5: 726 daAuts
    D:12: 714 daAuts
     D:7: 642 daAuts
    D:10: 535 daAuts
     D:2: 522 daAuts
